Workbook

Sheet 目录
A1: 目录
A2: 1 | B2: 全省主要经济指标
A3: 2 | B3: 地区生产总值及各产业增加值
A4: 3 | B4: 农林牧渔业总产值及主要产品产量
A5: 4 | B5: 规模以上工业增加值增速
A6: 5 | B6: 规模以上工业重点行业增加值增速及占比 产销率
A7: 6 | B7: 主要工业产品产量
A8: 7 | B8: 规模以上工业企业效益
A9: 8 | B9: 规模以上工业重点行业利润
A10: 9 | B10: 规模以上服务业企业效益
A11: 10 | B11: 交通运输
A12: 11 | B12: 邮电通信
A13: 12 | B13: 高新技术产业发展情况（四上）
... A25: 26 | B25: 全社会用电量

Sheet 1+
A1: 全省主要经济指标
B3: 单位 | C3: 1-6月 | D3: 增速(%)
A4: 一、地区生产总值 | B4: 亿元 | C4: ='2'!B4 -> 29642.606 | D4: ='2'!C4 -> 6.177772
A5: 二、规模以上工业增加值 | D5: ='4'!C5 -> 7.9
A6: 三、全社会用电量 | B6: 亿千瓦时 | C6: ='26'!D4 -> 1408.804 | D6: ='26'!E4 -> 4.4491242
A7: #工业用电量 | B7: 亿千瓦时 | C7: ='26'!D7 -> 811.20501 | D7: ='26'!E7 -> 5.1437313
A8: 四、固定资产投资 | D8: ='14'!C3 -> 6.5
A9: #民间投资 | D9: ='14'!C15 -> 6.2
A10: 五、社会消费品零售总额 | B10: 亿元 | C10: ='17'!C5 -> 13073.935 | D10: ='17'!C17 -> 6.8666147
A11: 六、进出口总额 | B11: 亿元 | C11: ='19'!C5 -> 4023.1 | D11: ='19'!C9 -> 28.4
A12: #进 口 | B12: 亿元 | C12: ='19'!C6 -> 1095.2 | D12: ='19'!C10 -> 7.4
A13: 出 口 | B13: 亿元 | C13: ='19'!C7 -> 2927.9 | D13: ='19'!C11 -> 38.5
A14: 七、实际使用外资(1-5月) | B14: 亿美元 | C14: ='19'!C14 -> 6.5912 | D14: ='19'!C17 -> -37.4085
A15: 八、地方一般公共预算收入 | B15: 亿元 | C15: 2353.34 | D15: 7.6
A16: 地方一般公共预算支出 | B16: 亿元 | C16: 4941.7 | D16: 3.3
A17: 九、月末金融机构存款余额 | B17: 亿元 | C17: 100840.28 | D17: 9.3300972
A18: 月末金融机构贷款余额 | B18: 亿元 | C18: 92920.815 | D18: 7.9041433
A19: 十、居民消费价格指数 | B19: 上年同期=100 | C19: ='24'!C4 -> 100.1 | D19: =C19-100 -> 0.1
A20: 工业生产者出厂价格指数 | B20: 上年同期=100 | C20: ='24'!C16 -> 97.4 | D20: =C20-100 -> -2.6
A21: 十一、城镇居民人均可支配收入 | B21: 元 | C21: 24987 | D21: 4.7
A22: 农村居民人均可支配收入 | B22: 元 | C22: 10231 | D22: 5.7
A23: 注：1.地区生产总值（GDP）、居民收入为季度数。

Sheet 2
A1: 地区生产总值及各产业增加值
A2: 指标 | B2: 上半年
B3: 绝对量（亿元） | C3: 增速（%） | D3: 全国增速（%）
A4: 地区生产总值 | B4: 29642.606 | C4: 6.177772 | D4: 5.3
A5: 农林牧渔业 | B5: 2053.295 | C5: 3.6274957 | D5: 3.9
A6: 工业 | B6: 9750.0127 | C6: 6.8660292 | D6: 6.2
A7: 建筑业 | B7: 1846.7789 | C7: 3.2543214 | D7: 0.7
A8: 批发和零售业 | B8: 2520.3659 | C8: 6.2677155 | D8: 5.9
A9: 交通运输、仓储和邮政业 | B9: 1602.8696 | C9: 11.455126 | D9: 6.4
A10: 住宿和餐饮业 | B10: 753.6109 | C10: 4.674752 | D10: 5.2
A11: 金融业 | B11: 1428.1509 | C11: 3.850142 | D11: 4.8
A12: 房地产业 | B12: 1722.2647 | C12: 3.9690384 | D12: 1
A13: 其他服务业 | B13: 7965.2572 | C13: 6.9160755
A14: 第一产业 | B14: 1914.0694 | C14: 3.3076528 | D14: 3.7
A15: 第二产业 | B15: 11544.281 | C15: 6.4119008 | D15: 5.3
A16: 第三产业 | B16: 16184.255 | C16: 6.3685579 | D16: 5.5
A17: 三次产业比重 （一产：二产：三产） | B17: 6.5:38.9:54.6 | D17: 4.7:36.2:59.1

Sheet 3
B2: 农林牧渔业产值及主要产品产量
B3: 农林牧渔业总产值
B4: 指标 | C4: ='2'!B2 -> 上半年
C5: 绝对量（亿元） | D5: 增速（%）
B6: 总产值 | C6: 3414.3522 | D6: 3.7520764
B7: 农业 | C7: 1367.5114 | D7: 3.2023703
B8: 林业 | C8: 147.50963 | D8: 12.616994
B9: 牧业 | C9: 824.8468 | D9: 1.5432775
B10: 渔业 | C10: 768.9107 | D10: 4.0946057
B11: 农林牧渔专业及辅助性活动 | C11: 305.5737 | D11: 7.880541
B12: 主要农产品产量
B13: 指标 | C13: =C4 -> 上半年
C14: 绝对量 | D14: 增速（%）
B15: 粮食产量（万吨） | C15: 495.0537 | D15: 0.92225103
B16: 禽蛋产量（万吨） | C16: 134.91892 | D16: 8.6742258
B17: 出栏生猪（万头） | C17: 2416.4543 | D17: 2.8882483
B18: 出栏羊（万只） | C18: 224.72925 | D18: -15.1
B19: 出栏牛（万头） | C19: 54.4667 | D19: -9.0359937
B20: 出栏家禽（万只） | C20: 20860.043 | D20: -4.0034806
B21: 猪肉产量（万吨） | C21: 197.7171 | D21: 3.2424157
B22: 水产品产量（万吨） | C22: 285.32898 | D22: 4.5939052

Sheet 4
A1: 规模以上工业增加值增速
A4: 指标 | B4: 6月 | C4: 1-6月 | D4: 5月 | E4: 1-5月
A5: 规模以上工业增加值增速（%） | B5: 7 | C5: 7.9
A6: #轻工业 | B6: 6.9 | C6: 6.1
A7: 重工业 | B7: 7.1 | C7: 8.9
A8: #国有企业 | B8: -36.8 | C8: -15.7
A9: 集体企业 | B9: -66 | C9: -58.6
A10: 股份合作企业 | B10: 55.4 | C10: -7.1
A11: 股份制企业 | B11: 7.7 | C11: 9.2
A12: 外商及港澳台 | B12: 6.4 | C12: 2.1
A13: 其它经济类型 | B13: -60.2 | C13: -60.3
A14: #国有控股工业 | B14: 6.8 | C14: 4.7
A15: 民营工业 | B15: 7.1 | C15: 9.6
A16: #大型企业 | B16: 7.2 | C16: 6.1
... A18: 小型企业 | B18: 8.4 | C18: 10

Sheet 5
A1: 规模以上工业重点行业增加值增速及占比 工业产销率
A3: 规模以上工业重点行业增加值增速及占比
B4: 6月增加值增速（%） | C4: 1-6月增加值增速（%） | D4: 1-6月增加值占规上工业比重（%）
A5: 总计 | B5: 7 | C5: 7.9
A6: #汽车制造业 | B6: 11.3 | C6: 6.7 | D6: 9.75
A7: 铁路、船舶、航空航天和其他运输设备制造业 | B7: 40.2 | C7: 39.2 | D7: 0.59
A8: 电力、热力生产和供应业 | B8: -7.2 | C8: 0.4 | D8: 6.77
A9: 黑色金属冶炼和压延加工业 | B9: 4.3 | C9: 8.9 | D9: 2.64
A10: 化学原料和化学制品制造业 | B10: 16 | C10: 18.4 | D10: 9.03
A11: 农副食品加工业 | B11: 5.4 | C11: 7.4 | D11: 3.95
A12: 非金属矿物制品业 | B12: 4.3 | C12: 6.6 | D12: 5.61
A13: 烟草制品业 | B13: 22.5 | C13: 1.7 | D13: 7.55
A14: 纺织业 | B14: 3.8 | C14: 5.3 | D14: 2.62
A15: 计算机、通信和其他电子设备制造业 | B15: 6.9 | C15: 14.5 | D15: 8.37
A16: 电气机械和器材制造业 | B16: 13.6 | C16: 18.8 | D16: 6.09
A17: 通用设备制造业 | B17: -3 | C17: 0 | D17: 2.41
... A19: 高耗能产业 | B19: 7.7 | C19: 10.1 | D19: 30.8
A22: 工业产销率
B23: ='4'!B4 -> 6月 | C23: ='4'!C4 -> 1-6月
A24: 工业销售产值（亿元） | B24: 4549.8 | C24: 24408.3
A25: #出口交货值 | B25: 252.4 | C25: 1287.3
A26: 工业产销率（%） | B26: 93 | C26: 93.5
A27: 增长速度（%）
A28: 工业销售产值增速 | B28: 3 | C28: 4.3
A29: #出口交货值 | B29: 3.5 | C29: 4
A30: 工业产销率 | B30: 降低0.7个百分点 | C30: 降低0.7个百分点

Sheet 6
A1: 主要工业产品产量
B3: ='4'!C4 -> 1-6月 | C3: 增长速度（%）
A4: 饮料酒(万千升） | B4: 111.4 | C4: 0.6
A5: 卷烟(亿支） | B5: 802.3 | C5: 0.7
A6: 布(亿米） | B6: 17.8 | C6: -0.6
A7: 硫酸(折100%)(万吨） | B7: 698.5 | C7: 17.7
A8: 烧碱(折100%)(万吨） | B8: 44.5 | C8: -15.7
A9: 农用氮、磷、钾化学肥料(折纯)(万吨） | B9: 301.8 | C9: 17.2
A10: 化学农药原药(折有效成分100%)(万吨） | B10: 16.5 | C10: 39.8
A11: 水泥(万吨） | B11: 4162.7 | C11: -1.8
A12: 平板玻璃(万重量箱） | B12: 6144.6 | C12: 2.7
A13: 钢材(万吨） | B13: 1882.9 | C13: -3.1
A14: 房间空气调节器(万台） | B14: 1605.4 | C14: 4.9
A15: 工业机器人(套） | B15: 2207 | C15: 10.1
... A26: #水力发电量（亿千瓦时） | B26: 504.6958 | C26: -14.3321

Sheet 7
A1: 规模以上工业企业效益
A2: 指标 | B2: ='4'!E4 -> 1-5月
B3: 绝对量 | C3: 增速（%）
A4: 企业数（个） | B4: 20120 | C4: 3.2907233
A5: #亏损企业 | B5: 4804 | C5: -3.4
A6: 亏损面（%） | B6: 23.87674
A7: 营业收入（亿元） | B7: 18853.69 | C7: 3.4
A8: 营业成本（亿元） | B8: 16095.79 | C8: 3.5
A9: 每百元营业收入中成本（元） | B9: 85.37
A10: 资产总计（亿元） | B10: 59114.1 | C10: 4.6
A11: 流动资产合计（亿元） | B11: 27178.5 | C11: 4.3
A12: 负债合计（亿元） | B12: 32138.6 | C12: 4.8
A13: 利润总额（亿元） | B13: 949.06 | C13: 12
A14: 产成品（亿元） | B14: 2081.72 | C14: 4.8
A15: 亏损企业亏损额（亿元） | B15: 209.15 | C15: -8.4
A16: 应收账款（亿元） | B16: 7783.59 | C16: 7.3
A17: 平均用工人数（万人） | B17: 243.54 | C17: -0.8

Sheet 8
A1: 规模以上工业重点行业利润
A2: 指标 | B2: ='7'!B2 -> 1-5月
B3: 绝对量（亿元） | C3: 增速（%）
A4: 装备制造产业 | B4: 317.57 | C4: 37.826578
A5: 高耗能产业 | B5: 241.4 | C5: -4.0426124
A6: 重点产业
A7: #汽车制造业 | B7: 69.96 | C7: 3.4
A8: 铁路、船舶、航空航天和其他运输设备制造业 | B8: 5.11 | C8: 76.8
A9: 电力、热力生产和供应业 | B9: 70.43 | C9: -20.7
A10: 黑色金属冶炼和压延加工业 | B10: 12.01 | C10: 35.2
A11: 化学原料和化学制品制造业 | B11: 90.19 | C11: 0.1
A12: 农副食品加工业 | B12: 37.5 | C12: 23.8
A13: 非金属矿物制品业 | B13: 57.43 | C13: 10.3
A14: 烟草制品业 | B14: 82.78 | C14: -1.7
A15: 纺织业 | B15: 20.5 | C15: 4.5
A16: 计算机、通信和其他电子设备制造业 | B16: 76.03 | C16: 354.2
A17: 电气机械和器材制造业 | B17: 100.21 | C17: 34
A18: 通用设备制造业 | B18: 23.38 | C18: 13.7

Sheet 9
A1: 规模以上服务业分行业营业收入
A2: 行业 | B2: ='8'!B2 -> 1-5月
B3: 总量（亿元） | C3: 增长（%）
A4: 总计 | B4: 5367.2998 | C4: 12.24
A5: 交通运输、仓储和邮政业 | B5: 1726.7697 | C5: 10.36
A6: 信息传输、软件和信息技术服务业 | B6: 1027.6918 | C6: 9.62
A7: 房地产业（不含房地产开发） | B7: 203.8699 | C7: 17.84
A8: 租赁和商务服务业 | B8: 1268.6831 | C8: 19.63
A9: 科学研究和技术服务业 | B9: 686.0693 | C9: 6.32
A10: 水利、环境和公共设施管理业 | B10: 123.91033 | C10: 17.77
A11: 居民服务、修理和其他服务业 | B11: 72.12919 | C11: 39.55
A12: 教育 | B12: 53.37509 | C12: 6.9
A13: 卫生和社会工作 | B13: 101.61493 | C13: -3.03
A14: 文化、体育和娱乐业 | B14: 103.18657 | C14: 15.81
B25: 1862.1429 | C25: -3.84
B26: 1025.5059 | C26: 12.41

Sheet 10
A1: 交通运输业
A2: 指标 | B2: ='4'!E4 -> 1-5月
B3: 绝对量 | C3: 增速（%）
A4: 合计
A5: 客运量（万人） | B5: 27113.22 | C5: 12.8
A6: 旅客周转量（亿人公里） | B6: 497.75 | C6: 4.1
A7: 货运量（万吨） | B7: 116835.64 | C7: 12.6
A8: 货物周转量（亿吨公里） | B8: 3987.37 | C8: 10.6
A9: 一、铁路运输
A10: 客运量（万人） | B10: 8083.34 | C10: 6.6
A11: 旅客周转量（亿人公里） | B11: 333.87 | C11: 1.8
A12: 货运量（万吨） | B12: 3131.06 | C12: 29
A13: 货物周转量（亿吨公里） | B13: 444.23 | C13: 1.7
A14: 二、公路运输
A15: 客运量（万人） | B15: 18060.38 | C15: 16.2
A16: 旅客周转量（亿人公里） | B16: 78.92 | C16: 10.3
A17: 货运量（万吨） | B17: 79855.47 | C17: 12.2
A18: 货物周转量（亿吨公里） | B18: 1093.71 | C18: 12.8
A19: 三、水路运输
A20: 客运量（万人） | B20: 284.54 | C20: 10.1
A21: 旅客周转量（亿人公里） | B21: 1.33 | C21: 6.8
A22: 货运量（万吨） | B22: 33845.74 | C22: 12.3
A23: 货物周转量（亿吨公里） | B23: 2448.94 | C23: 11.3
A24: 四、民航运输
A25: 客运量（万人） | B25: 684.97 | C25: 4.3
A26: 旅客周转量（亿人公里） | B26: 83.62 | C26: 8.4
A27: 货运量（万吨） | B27: 3.36 | C27: 12
A28: 货物周转量（亿吨公里） | B28: 0.5 | C28: 14.7
A29: 机场货邮吞吐量（万吨） | B29: 52.76 | C29: 48

Sheet 11
A1: 邮电通信
A2: 指标 | B2: ='4'!E4 -> 1-5月
B3: 绝对量 | C3: 增速（%）
A4: 一、邮电业务
A5: 邮电业务总量
A6: #邮政业务总量（亿元） | B6: 311.84 | C6: 23.9
A7: 电信业务总量（亿元） | B7: 257.12 | C7: 10.2
A8: 邮电业务收入（亿元）
A9: #邮政业务收入（亿元） | B9: 233.26 | C9: 5.5
A10: 电信业务收入（亿元） | B10: 237.69 | C10: -1.5
A11: 快递（万件） | B11: 266339.76 | C11: 25.2
A12: 二、电信业务
A13: 互联网宽带接入用户（万户） | B13: 2728.9 | C13: 6.8
A14: 固定电话用户（万户） | B14: 403.3 | C14: -5.2
A15: 移动电话用户（万户） | B15: 6736 | C15: 4.5

Sheet 12
A1: 规上高新技术产业发展情况
A2: 指标名称 | B2: 上半年
B3: 总量（亿元） | C3: 增速（%）
A4: 高新技术产业增加值 | B4: 6472.2572 | C4: 7.5875815
A5: #制造业 | B5: 4241.3382 | C5: 8.298916
A6: # 汽车 | B6: 631.95684 | C6: 7.2794134
A7: 化学原料和化学制品 | B7: 523.04818 | C7: 10.242106
A8: 计算机、通信和其他电子设备 | B8: 584.03585 | C8: 15.135232
A9: 电气机械和器材制造业 | B9: 348.92803 | C9: 17.537642
A10: 医药制造业 | B10: 221.34069 | C10: -3.0644749
A11: 建筑业 | B11: 1029.6053 | C11: 3.750311
A12: 服务业 | B12: 1201.3137 | C12: 8.3649501

Sheet 13
A1: 规模以上文化企业分行业营业收入
A2: 类别 | B2: 第一季度
B3: 营业收入（亿元） | C3: 增速(%)
A4: 总计 | B4: 1208 | C4: 6.8
A5: 新闻信息服务 | B5: 139 | C5: 21.981498
A6: 内容创作生产 | B6: 219.1 | C6: 9.339865
A7: 创意设计服务 | B7: 369 | C7: -1.4707972
A8: 文化传播渠道 | B8: 82.9 | C8: 10.846241
A9: 文化投资运营 | B9: 5.42 | C9: 16.291038
A10: 文化娱乐休闲服务 | B10: 18.8 | C10: 15.018488
A11: 文化辅助生产和中介服务 | B11: 201.32 | C11: 3.8696757
A12: 文化装备生产 | B12: 36.8 | C12: -4.3314323
A13: 文化消费终端生产 | B13: 136.03 | C13: 18.710099
B24: 1862.1429 | C24: -3.84
B25: 1025.5059 | C25: 12.41

Sheet 14
A1: 固定资产投资
B2: ='4'!C4 -> 1-6月 | C2: 增长速度（%）
A3: 一、固定资产投资（亿元） | C3: 6.5
A4: #制造业投资 | C4: 12.5
A5: 基础设施投资 | C5: 4.6
A6: 房地产开发投资 | C6: -5.6
A7: 1.按产业分
A8: # 第一产业 | C8: 17.4
A9: 第二产业 | C9: 11.8
A10: #工业 | C10: 11.8
A11: 第三产业 | C11: 2.9
A12: 2.按投资主体分
A13: #国有 | C13: 6.2
A14: 非国有 | C14: 6.7
A15: #民间投资 | C15: 6.2
A16: 3.按隶属关系分
A17: #中央项目 | C17: 7.7
A18: 地方项目 | C18: 6.4
A19: 4.按建设性质分
A20: #新建 | C20: 15.5
A21: 扩建 | C21: -18.5
A22: 改建和技术改造 | C22: 0.6
A23: 5.投资按构成分
A24: #建筑安装工程 | C24: 10.6
A25: 设备、工器具购置 | C25: 1.8
A26: 其他费用 | C26: -8
A27: 二、重大项目建设
A28: 施工项目总个数 | B28: 19250 | C28: 7.1
A29: #新开工项目 | B29: 5578 | C29: 17.8
A30: 1.亿元以上项目情况
A31: 施工项目个数（个） | B31: 7525 | C31: -0.8
A32: #本年新开工项目 | B32: 1236 | C32: 5.5
A33: 完成投资额（亿元） | C33: 3
A34: #本年新开工项目 | C34: -7
A35: 2.十亿元以上项目情况
A36: 施工项目个数（个） | B36: 1038 | C36: -1
A37: 完成投资额（亿元） | C37: -0.6

Sheet 15
A1: 各行业固定资产投资增速
B3: ='14'!B2 -> 1-6月
B4: 增速（%）
A5: 全 省 | B5: 6.5
A6: 一、农、林、牧、渔业 | B6: 22.3
A7: 二、采矿业 | B7: 40.5
A8: 三、制造业 | B8: 12.5
A9: 四、电力、燃气及水的生产和供应业 | B9: 1.7
A10: 五、建筑业 | B10: 3.4
A11: 六、批发和零售业 | B11: 32.6
A12: 七、交通运输、仓储和邮政业 | B12: -1.9
A13: 八、住宿和餐饮业 | B13: 45.5
A14: 九、信息传输、软件和信息技术服务业 | B14: 52.3
A15: 十、金融业 | B15: 3.8
A16: 十一、房地产业 | B16: -7
... A24: 十九、公共管理、社会保障和社会组织 | B24: -2.9
A25: 二十、国际组织

Sheet 16
A1: 商品房建设与销售
B3: ='4'!C4 -> 1-6月
A4: 绝对量
A5: 商品房施工面积(万平方米) | B5: 25918.196
A6: 住宅 | B6: 18964.688
A7: 商品房竣工面积(万平方米) | B7: 673.7024
A8: 住宅 | B8: 564.6676
A9: 商品房销售面积(万平方米) | B9: 2514.6733
A10: 住宅 | B10: 2201.8022
A11: 商品房销售额（亿元） | B11: 1935.3343
A12: 住宅 | B12: 1660.6773
A13: 增长速度（%）
A14: 商品房施工面积 | B14: 3.2
A15: 住宅 | B15: 2.3
A16: 商品房竣工面积 | B16: -29.2
A17: 住宅 | B17: -23.6
A18: 商品房销售面积 | B18: 5.9
A19: 住宅 | B19: 8.6
A20: 商品房销售额 | B20: -3.3
A21: 住宅 | B21: -4.6

Sheet 17
A1: 社会消费品零售总额
B3: ='4'!B4 -> 6月 | C3: ='4'!C4 -> 1-6月
A4: 绝对量（亿元）
A5: 社会消费品零售总额 | B5: 2275.1852 | C5: 13073.935
A6: #限额以上 | B6: 995.76004 | C6: 5358.6789
A7: 批发和零售业销售额
A8: #限额以上 | B8: 3289.5242 | C8: 17030.469
A9: 其中：批发业 | B9: 2427.1105 | C9: 12385.909
A10: 零售业 | B10: 862.41376 | C10: 4644.5601
A11: 住宿和餐饮业营业额
A12: #限额以上 | B12: 96.12571 | C12: 535.30138
A13: 其中：住宿业 | B13: 18.32665 | C13: 103.57329
A14: 餐饮业 | B14: 77.79906 | C14: 431.72809
A16: 增长速度（%）
A17: 社会消费品零售总额 | B17: 3.0191854 | C17: 6.8666147
A18: #限额以上 | B18: 2.6723495 | C18: 10.616893
A19: 批发和零售业销售额
A20: #限额以上 | B20: 8.0379849 | C20: 6.4241931
A21: 其中：批发业 | B21: 8.8419849 | C21: 4.8528273
A22: 零售业 | B22: 5.8377251 | C22: 10.854499
A23: 住宿和餐饮业营业额
A24: #限额以上 | B24: 0.080521929 | C24: 6.5736861
A25: 其中：住宿业 | B25: -1.0527685 | C25: 3.6162804
A26: 餐饮业 | B26: 0.35127239 | C26: 7.3084611

Sheet 18
A1: 限额以上社会消费品零售总额零售类值
A2: 指标 | B2: ='4'!C4 -> 1-6月 | C2: ='4'!#REF! -> #REF!
B3: 零售额(亿元) | C3: 增速（%）
A4: 商品零售类值 | B4: 4929.2261 | C4: 10
A5: #通过互联网销售 | B5: 1168.9273 | C5: 23
A6: 1.粮油、食品类 | B6: 910.18023 | C6: 10.7
A7: 2.饮料类 | B7: 122.17764 | C7: 1.5
A8: 3.烟酒类 | B8: 207.23766 | C8: 9.1
A9: 4.服装、鞋帽、针纺织品类 | B9: 312.26415 | C9: 5.7
A10: 5.化妆品类 | B10: 104.5282 | C10: 12.7
A11: 6.金银珠宝类 | B11: 58.6626 | C11: 10.1
A12: 7.日用品类 | B12: 224.54485 | C12: 14.8
A13: 8.体育、娱乐用品类 | B13: 68.21501 | C13: 74.9
A14: 9.书报杂志类 | B14: 49.75109 | C14: 6.3
A15: 10.家用电器和音像器材类 | B15: 393.21459 | C15: 30.8
... A23: 18.其他类 | B23: 123.66907 | C23: 6.8

Sheet 19
A2: 进出口及利用外资
A4: 对外经济 | B4: ='4'!B4 -> 6月 | C4: ='4'!C4 -> 1-6月
A5: 一、进出口总额(亿元) | B5: 756 | C5: 4023.1
A6: 进 口 | B6: 191.8 | C6: 1095.2
A7: 出 口 | B7: 564.2 | C7: 2927.9
A8: 增长速度（%）
A9: 进出口总额 | B9: 39.1 | C9: 28.4
A10: 进 口 | B10: 7.2 | C10: 7.4
A11: 出 口 | B11: 54.8 | C11: 38.5
A12: 二、外商直接投资(亿美元) | B12: 5月 | C12: 1-5月
A13: 合同利用外资 | B13: 0.6218 | C13: 8.4715
A14: 实际使用外资 | B14: 0.7028 | C14: 6.5912
A15: 增长速度（%）
A16: 合同利用外资 | B16: -74.7912 | C16: -41.6543
A17: 实际使用外资 | B17: -46.6484 | C17: -37.4085

Sheet 22
A1: 金融机构（含外资）本外币信贷收支
B3: 1-6月期末余额（亿元） | C3: 比年初增减
A4: 各项存款 | B4: 100840.28 | C4: 6818.5159
A5: （一）境内存款 | B5: 100584.44 | C5: 6685.3918
A6: 1.住户存款 | B6: 64283.461 | C6: 5229.3063
A7: 2.非金融企业存款 | B7: 20766.8 | C7: 861.26266
A8: 3.广义政府存款 | B8: 12907.73 | C8: 914.06195
A9: 4.非银行业金融机构存款 | B9: 2626.4475 | C9: -319.23908
A10: （二）境外存款 | B10: 255.84149 | C10: 133.12408
A11: 各项贷款 | B11: 92920.815 | C11: 5807.8069
A12: （一）境内贷款 | B12: 92202.479 | C12: 5794.5027
A13: 1.住户贷款 | B13: 24222.274 | C13: 192.34568
A14: 2.非金融企业及机关团体贷款 | B14: 67961.766 | C14: 5588.717
A15: 3.非银行业金融机构贷款 | B15: 18.44 | C15: 13.44
A16: （二）境外贷款 | B16: 718.3356 | C16: 13.304156

Sheet 23
A1: 保险业
A2: 指标 | B2: ='4'!E4 -> 1-5月
B3: 绝对量（亿元） | C3: 增速（%）
A4: 原保险保费收入 | B4: 1271.1362 | C4: 3.0493502
A5: 1.财产险 | B5: 211.3508 | C5: 2.6110244
A6: 2.人身险 | B6: 1059.7854 | C6: 3.1372129
A7: （1）寿险 | B7: 789.0524 | C7: 2.5755144
A8: （2）健康险 | B8: 254.8144 | C8: 4.9570022
A9: （3）人身意外伤害险 | B9: 15.9186 | C9: 2.5101746
A10: 原保险赔付支出 | B10: 509.2472 | C10: 8.250256
A11: 1.财产险 | B11: 122.8492 | C11: -6.9327768
A12: 2.人身险 | B12: 386.398 | C12: 14.172166
A13: （1）寿险 | B13: 304.6273 | C13: 18.817231
A14: （2）健康险 | B14: 75.6288 | C14: -0.54796142
A15: （3）人身意外伤害险 | B15: 6.1419 | C15: 2.26444

Sheet 24
A1: 价格指数
A3: （以上年同期为100） | B3: ='4'!B4 -> 6月 | C3: ='4'!C4 -> 1-6月
A4: 居民消费价格总指数 | B4: 100.3 | C4: 100.1
A5: ＃城市 | B5: 100.5 | C5: 100.1
A6: 农村 | B6: 99.8 | C6: 99.8
A7: 一、食品烟酒 | B7: 100.2 | C7: 99.6
A8: #粮食 | B8: 98.8 | C8: 97.9
A9: 二、衣着 | B9: 102.9 | C9: 101.8
A10: 三、居住 | B10: 100.2 | C10: 100.2
A11: 四、生活用品及服务 | B11: 101 | C11: 99.8
A12: 五、交通通信 | B12: 96.8 | C12: 97.6
A13: 六、教育文化娱乐 | B13: 101.7 | C13: 101.5
A14: 七、医疗保健 | B14: 99.9 | C14: 100.1
A15: 八、其他用品和服务 | B15: 108.6 | C15: 107
... A17: 工业生产者购进价格总指数 | B17: 94.2 | C17: 94.7

Sheet 25
A1: 返回 | B1: 全省经营主体发展情况 （统计时段：上月25日-本月24日）
B3: 1-5月（亿元） | C3: 单 位 | D3: ='4'!C4 -> 1-6月 | E3: 增长（%）
B4: 各类经营主体总户数 | C4: 万户 | D4: 980.72 | E4: 11.13
B5: 当月新登记户数 | C5: 万户 | D5: 14.9 | E5: 3.48
B6: 累计新登记户数 | C6: 万户 | D6: 111.21 | E6: 13.58
B7: 一、国有、集体及其控股企业
B8: 企业总数 | C8: 万户 | D8: 8.46 | E8: 2.59
B9: 当月新登记户数 | C9: 户 | D9: 493 | E9: -40.89
B10: 累计新登记户数 | C10: 户 | D10: 3053 | E10: -26.68
B11: 二、外商投资企业
B12: 企业总数 | C12: 户 | D12: 14734 | E12: 2.84
B13: 当月新登记户数 | C13: 户 | D13: 109 | E13: -5.22
B14: 累计新登记户数 | C14: 户 | D14: 561 | E14: 5.25
B15: 三、私营企业
B16: 企业总数 | C16: 万户 | D16: 278.92 | E16: 18.82
B17: 当月新登记户数 | C17: 万户 | D17: 5.71 | E17: 3.74
B18: 累计新登记户数 | C18: 万户 | D18: 39.69 | E18: 29.55
B19: 四、个体工商户
B20: 个体工商户总数 | C20: 万户 | D20: 679.83 | E20: 8.59
B21: 当月新登记户数 | C21: 万户 | D21: 9.1 | E21: 4
B22: 累计新登记户数 | C22: 万户 | D22: 70.93 | E22: 6.64
B23: 五、农民专业合作社
B24: 农民专业合作社总数 | C24: 万户 | D24: 12.03 | E24: -0.28
B25: 当月新登记户数 | C25: 户 | D25: 296 | E25: -40.68
B26: 累计新登记户数 | C26: 户 | D26: 2326 | E26: -22.49

Sheet 26
A1: 全社会用电量
A2: 指标名称 | B2: ='4'!B4 -> 6月 | D2: ='4'!C4 -> 1-6月
B3: =D3 -> 绝对量（亿千瓦时） | C3: 增速（%） | D3: 绝对量（亿千瓦时） | E3: 增速（%）
A4: 全社会用电总计 | B4: 255.57624 | C4: 5.9098067 | D4: 1408.804 | E4: 4.4491242
A5: 第一产业 | B5: 4.0858463 | C5: 7.549143 | D5: 19.788223 | E5: 15.189398
A6: 第二产业 | B6: 147.5575 | C6: 6.0478789 | D6: 823.61812 | E6: 4.8403037
A7: #工业 | B7: 145.34036 | C7: 6.3721673 | D7: 811.20501 | E7: 5.1437313
A8: #石油、煤炭及其他燃料加工业 | B8: 3.2483409 | C8: 19.730131 | D8: 16.993468 | E8: 2.4630182
A9: 化学原料和化学制品制造业 | B9: 18.893741 | C9: 12.038757 | D9: 107.07207 | E9: 9.9933255
A10: 非金属矿物制品业 | B10: 12.198917 | C10: 0.76344128 | D10: 69.944558 | E10: 7.1913455
A11: 黑色金属冶炼和压延加工业 | B11: 13.246555 | C11: -0.82737252 | D11: 77.528909 | E11: -1.4857673
A12: 有色金属冶炼和压延加工业 | B12: 4.2081085 | C12: 3.6576208 | D12: 23.914769 | E12: 4.6938228
A13: 电力、热力生产和供应业 | B13: 25.547093 | C13: -1.498421 | D13: 147.10317 | E13: -2.9624459
A14: 建筑业 | B14: 2.6319272 | C14: -10.150586 | D14: 14.849895 | E14: -9.8078925
A15: 第三产业 | B15: 58.71355 | C15: 5.8558682 | D15: 303.82147 | E15: 6.4740101
... A26: 乡村居民 | B26: 17.925977 | C26: 4.2690173 | D26: 110.72098 | E26: 1.8226755
